 Dungeon Crawl Stone Soup version 0.23.2-1-ga50397a (webtiles) character file.

Game seed: 4838740909046582397

497 funkygono the Digger (level 7, 0/48 HPs)
             Began as a Formicid Earth Elementalist on May 12, 2019.
             Slain by Duvessa
             ... wielding a +0 short sword
              (10 damage)
             ... on level 5 of the Dungeon.
             The game lasted 00:08:03 (3221 turns).

funkygono the Digger (Formicid Earth Elementalist)  Turns: 3221, Time: 00:08:04

Health: 0/48       AC:  5    Str: 17    XL:     7   Next: 38%
Magic:  0/13       EV: 12    Int: 17    God:
Gold:   220        SH:  0    Dex: 11    Spells: 6/15 levels left

rFire    . . .     SeeInvis +   a - +0 mace
rCold    . . .     Gourm    .   (no shield)
rNeg     . . .     Faith    .   e - +2 leather armour {rPois}
rPois    +         Spirit   .   (helmet unavailable)
rElec    .         Reflect  .   (no cloak)
rCorr    .         Harm     .   (no gloves)
MR       .....                  (no boots)
Stlth    ++........             (no amulet)
HPRegen  0.16/turn              (no ring)
MPRegen  0.13/turn              (no ring)

@: mighty
A: permanent stasis, dig shafts and tunnels, four strong arms, antennae 3
a: Dig, Shaft Self


You were on level 5 of the Dungeon.
You were not hungry.

You visited 1 branch of the dungeon, and saw 5 of its levels.

You collected 220 gold pieces.

Inventory:

Hand Weapons
 a - a +0 mace (weapon)
Missiles
 b - 94 stones (quivered)
Armour
 c - a +0 robe
 e - a +2 leather armour of poison resistance (worn)
 f - a +1 leather armour
 n - a +0 ring mail of fire resistance
Scrolls
 g - a scroll of fear
Potions
 i - a potion of haste
 j - a potion of flight
 l - a potion of lignification
 o - a potion of mutation
 p - a potion of cancellation {unknown}
 r - a potion of magic {unknown}
Comestibles
 d - 5 rations
 k - a chunk of flesh


   Skills:
 + Level 1.0 Fighting
 + Level 2.2 Maces & Flails
 + Level 2.0 Armour
 + Level 2.4 Dodging
 + Level 3.3 Stealth
 + Level 4.5 Spellcasting
 + Level 1.6 Conjurations
   Level 1.1 Transmutations
 + Level 5.5 Earth Magic


You had 6 spell levels left.
You knew the following spells:

 Your Spells              Type           Power        Failure   Level  Hunger
a - Sandblast             Erth           ###...       1%          1    None
b - Stone Arrow           Conj/Erth      ###...       12%         3    ###....
c - Lee's Rapid Deconstr  Erth           ###.......   45%         5    ######.

Your spell library contained the following spells:

 Spells                   Type           Power        Failure   Level  Hunger
 Passwall                 Tmut/Erth      ###.....     7%          2    ##.....
 Petrify                  Tmut/Erth      ###.....     41%         4    ####...


Dungeon Overview and Level Annotations

Branches:
Dungeon (5/15)
 Temple: D:4-7

Altars:

Annotations:
D:5 Duvessa


Innate Abilities, Weirdness & Mutations

You cannot be hasted, slowed, berserked, paralysed or teleported.
You can dig through walls and to a lower floor.
Your four strong arms can wield two-handed weapons with a shield.
You have a pair of large antennae on your head. (SInv)


Message History

b - 94 stones Duvessa hits you with a +0 short sword!
Duvessa barely misses you.
You hit Duvessa.
Duvessa is severely wounded.
Duvessa barely misses you. Duvessa completely misses you.
You barely miss Duvessa.
Duvessa is severely wounded.
Duvessa hits you but does no damage. Duvessa hits you with a +0 short sword.
* * * LOW HITPOINT WARNING * * *
You feel very mighty all of a sudden. Duvessa hits you with a +0 short sword.
* * * LOW HITPOINT WARNING * * *
You hit Duvessa.
Duvessa is severely wounded.
Duvessa closely misses you. Duvessa hits you with a +0 short sword.
* * * LOW HITPOINT WARNING * * *
You feel better. Duvessa hits you with a +0 short sword.
* * * LOW HITPOINT WARNING * * *
Duvessa hits you with a +0 short sword!
You die...

#..... ##
#....#
...####....#
.#.........#
...........#
#.......<.#
#)#..# #e...#
##@#..#
#.###....
#..#..####
#.#.#.#
#.#.#.#
#.###.#.#.#
#.........#
#####.#.### .
#....####....


You could see Duvessa (berserk).

Vanquished Creatures
  An ogre (D:4)
  A scorpion (D:4)
  Dowan (D:5)
  A hound (D:4)
  3 worker ants (D:4)
  Natasha (thrice) (D:3)
  3 gnolls (D:3)
  4 adders (D:3)
  An ooze (D:2)
  4 dart slugs
  4 leopard geckos
  6 orcs
  2 ball pythons
  4 bats
  A giant cockroach (D:4)
  5 goblins
  3 hobgoblins
  3 jackals (D:4)
  A kobold (D:2)
  2 quokkas
  4 frilled lizards
  2 quokka skeletons (D:4)
  7 rats
66 creatures vanquished.

Notes
Turn   | Place    | Note
-------+----------+-------------------------------------------
     0 | D:1      | funkygono the Formicid Earth Elementalist began the quest
                  | for the Orb.
     0 | D:1      | Reached XP level 1. HP: 13/13 MP: 3/3
   134 | D:1      | Reached skill level 4 in Earth Magic
   134 | D:1      | Reached XP level 2. HP: 19/19 MP: 0/5
   551 | D:1      | Reached XP level 3. HP: 24/24 MP: 4/6
   556 | D:1      | Learned a level 3 spell: Stone Arrow
  1414 | D:3      | Reached XP level 4. HP: 27/30 MP: 2/8
  1487 | D:3      | Noticed Natasha
  1490 | D:3      | Killed Natasha
  1533 | D:3      | Reached skill level 1 in Maces & Flails
  1627 | D:3      | Reached XP level 5. HP: 36/36 MP: 0/9
  1639 | D:3      | Learned a level 5 spell: Lee's Rapid Deconstruction
  2148 | D:3      | Noticed Natasha
  2150 | D:3      | Killed Natasha
  2150 | D:3      | Reached skill level 1 in Armour
  2160 | D:3      | Noticed Natasha
  2170 | D:3      | Killed Natasha
  2170 | D:3      | Reached XP level 6. HP: 16/42 MP: 0/11
  2435 | D:4      | Reached skill level 5 in Earth Magic
  2641 | D:4      | Reached skill level 1 in Conjurations
  2974 | D:4      | Noticed an ogre
  2977 | D:4      | Killed an ogre
  2977 | D:4      | Reached skill level 1 in Fighting
  2977 | D:4      | Reached XP level 7. HP: 48/48 MP: 7/13
  3183 | D:5      | Entered Level 5 of the Dungeon
  3200 | D:5      | Noticed Duvessa
  3200 | D:5      | Noticed Dowan
  3205 | D:5      | Killed Dowan
  3221 | D:5      | Slain by Duvessa

Skill      XL: |  1  2  3  4  5  6  7 |
---------------+----------------------+-----
Earth Magic    | 4 5 |  5.5
Dodging        | 2 |  2.4
Maces & Flails | 1 2 |  2.2
Stealth        | 3 |  3.3
Spellcasting   | 3 4 |  4.5
Armour         | 1 2 |  2.0
Conjurations   | 1 |  1.6
Fighting       | 1 |  1.0
Transmutations | |  1.1

Action                   |  1- 3 |  4- 6 |  7- 9 || total
-------------------------+-------+-------+-------++-------
Melee: Mace              |    44 |    46 |    20 ||   110
 Cast: Sandblast         |    17 |    24 |    13 ||    54
       Stone Arrow       |     8 |    23 |     3 ||    34
  Use: Scroll            |     9 |     2 |     2 ||    13
       Potion            |       |       |     2 ||     2
 Stab: Sleeping          |     1 |       |     1 ||     2
  Eat: Chunk             |     3 |     7 |     1 ||    11
Armor: Robe              |     3 |       |       ||     3
       Leather armour    |    10 |    14 |     7 ||    31
Dodge: Dodged            |    23 |    53 |    25 ||   101
